 Dungeon Sprint DCSS version 0.19-a0-1682-g5114f93 (webtiles) character file.

2338 Saways the Bludgeoner (level 9, -4/105 HPs)
             Began as an Ogre Gladiator on Sept 24, 2016.
             Was an Elder of Okawaru.
             Slain by a komodo dragon (8 damage)
             ... in the Dungeon (Sprint IX: "|||||||||||||||||||||||||||||").
             The game lasted 00:02:09 (909 turns).

Saways the Bludgeoner (Ogre Gladiator)               Turns: 909, Time: 00:02:10

Health: -4/105     AC:  7    Str: 22    XL:     9   Next: 43%
Magic:  12/13      EV:  1    Int:  7    God:    Okawaru [****..]
Gold:   25         SH:  0    Dex: 16    Spells: 0 memorised, 8 levels left

rFire  . . .     SeeInvis .     e - +0 giant spiked club
rCold  . . .     Gourm    .     b - +0 robe
rNeg   + + +     Faith    .     (shield currently unavailable)
rPois  ∞         Spirit   .     c - +1 hat
rElec  .         Dismiss  .     p - +1 cloak
rCorr  .         Reflect  .     (gloves unavailable)
MR     .....     Harm     .     (boots unavailable)
Stlth  ++........ NoTele   +    (no amulet)
                                (no ring)
                                q - +3 ring of dexterity

@: petrified, heroism, very slightly contaminated
A: unfitting armour, tough skin 1
a: Heroism, Renounce Religion


You were in the Dungeon.
You worshipped Okawaru.
Okawaru was greatly pleased with you.
You were not hungry.

You visited 1 branch You collected 25 gold pieces.

Inventory:

Hand Weapons
 a - a +0 flail
 e - a +0 giant spiked club (weapon)
 o - a +2 morningstar of crushing
Missiles
 d - 3 throwing nets (quivered)
Armour
 b - a +0 robe (worn)
 c - a +1 hat (worn)
 p - a +1 cloak (worn)
Jewellery
 q - a +3 ring of dexterity (left hand)
 r - a +3 ring of intelligence
Wands
 n - a wand of acid (7/15)
Scrolls
 k - 3 scrolls of blinking
 l - 3 scrolls of remove curse
 m - 2 scrolls of amnesia
 s - 2 scrolls of recharging
Potions
 g - 4 potions of heal wounds
 h - 2 potions of haste
 i - 4 potions of magic
 j - 5 potions of curing


   Skills:
 + Level 11.5(16.5) Fighting
 * Level 19.3(24.3) Maces & Flails
 - Level 2.0(7.0) Throwing
 + Level 8.9(13.9) Dodging
 * Level 5.7 Invocations


You had 8 spell levels left.
You didn't know any spells.

Dungeon Overview and Level Annotations

Branches:
Dungeon (1/1)

Altars:
Cheibriados
Dithmenos
Elyvilon
Fedhas
Gozag
Hepliaklqana
Kikubaaqudgha
Makhleb
Nemelex Xobeh
Okawaru
Qazlal
Ru
Sif Muna
Trog
Uskayaw
Vehumet
Xom
Yredelemnul
Zin
The Shining One
Beogh
Jiyva
Lugonu


Innate Abilities, Weirdness & Mutations

You are too large for most types of armour.
You have tough skin. (AC +1)


Message History

The blink frog is engulfed in calcifying dust.
The blink frog is moving more slowly.
The blink frog hits you!
* * * LOW HITPOINT WARNING * * *
The basilisk bites you!
* * * LOW HITPOINT WARNING * * *
You are engulfed in calcifying dust.
The blink frog hits you.
* * * LOW HITPOINT WARNING * * *
The blink frog hits you.
* * * LOW HITPOINT WARNING * * *
The blink frog blinks!
A death yak comes into view.
You are engulfed in calcifying dust.
The death yak bellows!
The blink frog stops moving altogether!
The komodo dragon bites you!!
* * * LOW HITPOINT WARNING * * *
A komodo dragon comes into view.
The komodo dragon bites you.
* * * LOW HITPOINT WARNING * * *
The komodo dragon bites you!
You die...

▓▓▓▓▓▓▓▓▓▓▓▓▓▓▓▓▓▓▓▓▓▓▓▓
lYSllDl@..F.FY.Y§§§...).
▓▓▓▓▓▓▓▓▓▓▓▓▓▓▓▓▓▓▓▓▓▓▓▓▓▓▓▓▓▓▓▓▓
.................................
▓▓▓▓▓▓▓▓▓▓▓▓▓▓▓▓▓▓▓▓▓▓▓▓▓▓▓▓▓▓▓▓▓
.)|..'._______________________'..
▓▓▓▓▓▓▓▓▓▓▓▓▓▓▓▓▓▓▓▓▓▓▓▓▓▓▓▓▓▓▓▓▓


You could see a death yak, a catoblepas, a four-headed hydra, 2 komodo dragons,
2 basilisks, a blink frog (petrified), a water moccasin and a bullfrog
(petrified).

Vanquished Creatures
  A hill giant (D)
  A gargoyle (D)
  A hippogriff (D)
  A blink frog (D)
  A basilisk (D)
  A yak (D)
  A hungry ghost (D)
  2 water moccasins (D)
  A porcupine (D)
  A sky beast (D)
  An ogre (D)
  A bullfrog (D)
  A scorpion (D)
  A killer bee (D)
  A wight (D)
  2 hounds (D)
  2 worker ants (D)
  A gnoll (D)
  2 adders (D)
  A leopard gecko (D)
  2 orcs (D)
  A hobgoblin (D)
  A frilled lizard (D)
  2 kobolds (D)
30 creatures vanquished.

Notes
Turn   | Place    | Note
-------+----------+-------------------------------------------
     0 | D        | Saways the Ogre Gladiator began the quest for the Orb.
     0 | D        | Reached XP level 1. HP: 22/22 MP: 1/1
    16 | D        | Reached skill level 5 in Maces & Flails
    80 | D        | Noticed a hound
    80 | D        | Noticed a worker ant
    86 | D        | Reached skill level 6 in Maces & Flails
    86 | D        | Reached XP level 2. HP: 28/31 MP: 2/2
    91 | D        | Reached skill level 7 in Maces & Flails
    91 | D        | Reached XP level 3. HP: 28/39 MP: 3/3
   104 | D        | Reached skill level 8 in Maces & Flails
   108 | D        | Reached skill level 9 in Maces & Flails
   108 | D        | Reached XP level 4. HP: 21/49 MP: 4/4
   251 | D        | Found a roughly hewn altar of Beogh.
   251 | D        | Found a snail-covered altar of Cheibriados.
   251 | D        | Found a shadowy altar of Dithmenos.
   251 | D        | Found a white marble altar of Elyvilon.
   251 | D        | Found a blossoming altar of Fedhas.
   251 | D        | Found an opulent altar of Gozag.
   252 | D        | Found a hazy altar of Hepliaklqana.
   253 | D        | Found a viscous altar of Jiyva.
   254 | D        | Found an ancient bone altar of Kikubaaqudgha.
   255 | D        | Found a corrupted altar of Lugonu.
   256 | D        | Found a burning altar of Makhleb.
   257 | D        | Found a sparkling altar of Nemelex Xobeh.
   258 | D        | Found an iron altar of Okawaru.
   259 | D        | Found a stormy altar of Qazlal.
   260 | D        | Found a sacrificial altar of Ru.
   261 | D        | Found a deep blue altar of Sif Muna.
   262 | D        | Found a bloodstained altar of Trog.
   263 | D        | Found a hide-covered altar of Uskayaw.
   264 | D        | Found a radiant altar of Vehumet.
   265 | D        | Found a shimmering altar of Xom.
   266 | D        | Became a worshipper of Warmaster Okawaru
   267 | D        | Found a basalt altar of Yredelemnul.
   268 | D        | Found a glowing silver altar of Zin.
   269 | D        | Found a glowing golden altar of the Shining One.
   303 | D        | Noticed an ogre
   303 | D        | Noticed a hill giant
   312 | D        | Killed a hill giant
   312 | D        | Reached * piety under Okawaru
   312 | D        | Reached ** piety under Okawaru
   312 | D        | Reached skill level 14 in Maces & Flails
   312 | D        | Reached XP level 5. HP: 66/66 MP: 5/5
   312 | D        | Reached XP level 6. HP: 74/74 MP: 6/6
   312 | D        | Reached XP level 7. HP: 81/81 MP: 7/7
   314 | D        | Reached *** piety under Okawaru
   314 | D        | Reached skill level 15 in Maces & Flails
   328 | D        | Reached skill level 1 in Invocations
   340 | D        | Noticed a hungry ghost
   340 | D        | Noticed a gargoyle
   343 | D        | Killed a gargoyle
   343 | D        | Reached skill level 10 in Fighting
   343 | D        | Reached skill level 16 in Maces & Flails
   343 | D        | Reached XP level 8. HP: 71/93 MP: 7/10
   360 | D        | Reached **** piety under Okawaru
   360 | D        | Reached skill level 17 in Maces & Flails
   487 | D        | Noticed a yak
   490 | D        | Noticed a blink frog
   500 | D        | Killed a yak
   500 | D        | Reached skill level 18 in Maces & Flails
   500 | D        | Reached XP level 9. HP: 69/102 MP: 9/12
   513 | D        | Reached skill level 5 in Invocations
   515 | D        | Reached skill level 19 in Maces & Flails
   516 | D        | Noticed a catoblepas
   894 | D        | HP: 3/105 [catoblepas (12)]
   899 | D        | Noticed a four-headed hydra
   899 | D        | Noticed a komodo dragon
   906 | D        | Noticed a death yak
   907 | D        | HP: 4/105 [komodo dragon (15)]
   908 | D        | Noticed a komodo dragon
   909 | D        | Slain by a komodo dragon

Vault maps used:
D:        linesprint

Skill      XL: |  1  2  3  4  5  6  7  8  9 |
---------------+----------------------------+-----
Dodging        | 3 4 7 8 |  8.9
Maces & Flails | 6 7 9 14 16 18 19 | 19.3
Fighting       | 3 4 8 10 11 | 11.5
Invocations    | 2 4 5 |  5.7
Throwing       | |  2.0

Action                   |  1- 3 |  4- 6 |  7- 9 || total
-------------------------+-------+-------+-------++-------
Melee: Flail             |    38 |     1 |       ||    39
       Morningstar       |       |     7 |    29 ||    36
       Giant spiked club |       |       |    32 ||    32
Invok: Heroism           |       |       |     3 ||     3
  Use: Potion            |     2 |     2 |     3 ||     7
       Scroll            |       |       |     3 ||     3
 Stab: Invisible         |       |       |     7 ||     7
       Sleeping          |       |       |     1 ||     1
  Eat: Chunk             |       |       |     1 ||     1
       Bread ration      |       |       |     1 ||     1
Armor: Robe              |    15 |       |     8 ||    23
Dodge: Dodged            |    19 |     6 |    33 ||    58
